 Dungeon Sprint DCSS version 0.26-a0-652-gafc20e3620 (webtiles) character file.

Game seed: 9854373064179456494

34549 mhtbhm the Executioner (level 13, -12/123 HPs)
             Began as a Minotaur Fighter on Oct 1, 2020.
             Was the Champion of Okawaru.
             Killed from afar by a balrug (36 damage)
             ... with a bolt of fire
             ... in the Dungeon (Sprint VII: "The Pits").
             The game lasted 00:08:59 (4268 turns).

mhtbhm the Executioner (Minotaur Fighter)           Turns: 4268, Time: 00:09:00

Health: -12/123    AC: 20    Str: 27    XL:     13   Next: 42%
Magic:  14/14      EV: 16    Int:  8    God:    Okawaru [******]
Gold:   39         SH: 16    Dex: 11    Spells: 12/12 levels left

rFire    . . .     SeeInvis .   a - +1 broad axe (vorpal)
rCold    . . .     Faith    .   c - +0 kite shield
rNeg     + + .     Spirit   .   b - +4 chain mail
rPois    .         Reflect  .   (helmet restricted)
rElec    .         Harm     .   (no cloak)
rCorr    .         Rampage  .   v - +0 pair of gloves of Remuri {rN++ MR- Regen+ Int+3}
MR       .....     NoTele   +   (no boots)
Stlth    ..........             (no amulet)
HPRegen  0.70/turn              x - ring of protection from magic
MPRegen  0.14/turn              q - +3 ring of evasion

@: berserk cooldown, very slightly contaminated, hasted and slowed
A: retaliatory headbutt, fangs 1, horns 2, frail 1, strong 1
a: Heroism, Finesse, Renounce Religion


You were in the Dungeon.
You worshipped Okawaru.
Okawaru was exalted by your worship.
You visited 1 branch You collected 39 gold pieces.

Inventory:

Hand Weapons
 a - a +1 vorpal broad axe (weapon)
Missiles
 t - 7 atropa-tipped darts (quivered)
Armour
 b - a +4 chain mail (worn)
 c - a +0 kite shield (worn)
 v - the +0 pair of gloves of Remuri (worn) {rN++ MR- Regen+ Int+3}
   (Okawaru gifted it to you in the Dungeon)

   It affects your intelligence (+3).
   It greatly protects you from negative energy.
   It affects your resistance to hostile enchantments.
   It increases your rate of regeneration.
Jewellery
 p - an uncursed ring of positive energy
 q - a +3 ring of evasion (right hand)
 x - a ring of protection from magic (left hand)
 z - an uncursed ring of ice
Wands
 u - a wand of digging (4)
Scrolls
 l - 4 scrolls of remove curse
 m - 5 scrolls of amnesia
 n - a scroll of summoning
 A - a scroll of immolation
 B - 2 scrolls of fear
 D - a scroll of fog
 E - 2 scrolls of enchant weapon
 F - a scroll of identify
 G - 2 scrolls of enchant armour
Potions
 d - 4 potions of might
 e - 2 potions of curing
 f - 15 potions of heal wounds
 h - 5 potions of magic
 i - a potion of berserk rage
 k - a potion of invisibility
 o - a potion of cancellation
 r - a potion of brilliance
 s - 2 potions of resistance
 w - a potion of ambrosia
 C - 2 potions of stabbing
Miscellaneous
 y - a phial of floods
 H - a lightning rod (2/4)


   Skills:
 + Level 19.2 Fighting
 + Level 21.3 Axes
 + Level 2.2 Throwing
 + Level 17.9 Armour
 + Level 9.6 Dodging
 + Level 7.4 Stealth
 + Level 19.3 Shields
 + Level 3.0 Invocations
 + Level 2.4 Evocations


You had 12 spell levels left.
You didn't know any spells.
Your spell library was empty.

Dungeon Overview and Level Annotations

Branches:
Dungeon (1/1)

Altars:
Ashenzari
Cheibriados
Dithmenos
Elyvilon
Fedhas
Gozag
Hepliaklqana
Kikubaaqudgha
Makhleb
Nemelex Xobeh
Okawaru
Qazlal
Ru
Sif Muna
Trog
Uskayaw
Vehumet
Wu Jian
Xom
Yredelemnul
Zin
The Shining One
Beogh
Jiyva
Lugonu


Innate Abilities, Weirdness & Mutations

You reflexively headbutt those who attack you in melee.
You have a pair of horns on your head.
You have very sharp teeth.
You are frail. (-10% HP)
Your muscles are strong. (Str +2)


Message History

Something smites you!
* * * LOW HITPOINT WARNING * * *
The balrug gestures at you. You block the sticky flame.
What are your orders? t - Shout!
Orders for allies: a - Attack new target. p - Attack previous target. r - Retreat! s - Stop attacking. g - Guard the area. f - Follow me.
Anything else - Cancel.
Okay, then.
Press: ? - help, Dir - move target cursor, p - balrug
As you read the scroll of blinking, it crumbles to dust.
You feel yourself speed up. The balrug gestures at you. Something smites you!
* * * LOW HITPOINT WARNING * * *
The balrug gestures at you. The bolt of fire hits you!!!
You die...

+..#....#..# +..........#
#..........#
##########..#....#..#
........''..........#
........''..........# ##
######..##..#....#..# #o#
#Z#.#.#..##..........+ #J#
#.#.#.##.@##..........+ #.#(#(#c#
#..####''####''# #m#)#(#
#..####''####''#### #.#J#)#
#..##...†..##......
########)######..##.#†##.##......
........†m.2..2..##.#).'.##..####
.........c.J.J...## +..#.##..#
######++########## #..+ ##..#
######++########## +[.# #..#


You could see a balrug.

Vanquished Creatures
  A pandemonium lord (D)
  Rupert (D)
  A death cob (D)
  A nagaraja (D)
  An eidolon (D)
  A green death (D)
  A merfolk impaler (D)
  An ettin (D)
  2 merfolk avatars (D)
  Erolcha (D)
  A catoblepas (D)
  An alligator snapping turtle (D)
  A fire crab (D)
  3 sea snakes (D)
  A deep troll (D)
  A spriggan druid (D)
  3 deep elf magi (D)
  An orc knight (D)
  2 phantasmal warriors (D)
  A cyclops (D)
  A merfolk siren (D)
  2 smoke demons (D)
  Maurice (D)
  3 black mambas (D)
  A molten gargoyle (D)
  An orange demon (D)
  2 cane toads (D)
  An efreet (D)
  A komodo dragon (D)
  2 ice devils (D)
  3 jumping spiders (D)
  A tyrant leech (D)
  2 merfolk (D)
  A polar bear (D)
  A hornet (D)
  3 blink frogs (D)
  11 dream sheep (D)
  A spriggan (D)
  2 fire bats (D)
  8 redbacks (D)
  A wyvern (D)
  A tarantella (D)
  A basilisk (D)
  2 vampire mosquitoes (D)
  A warg (D)
  A water moccasin (D)
  An orc warrior (D)
  A sky beast (D)
  A black bear (D)
  A phantom (D)
  2 necrophages (D)
  2 wolves (D)
  2 eyes of draining (D)
  2 centaurs (D)
  A scorpion (D)
  4 killer bees (D)
  An iron imp (D)
  2 jellies (D)
  A quasit (D)
  An orc wizard (D)
  An iguana (D)
  2 adders (D)
  2 gnolls (D)
  An ooze (D)
  An adder simulacrum (D)
  2 orcs (D)
  A giant cockroach (D)
  A hobgoblin (D)
  4 jackals (D)
  A kobold (D)
  A quokka (D)
  A ball python skeleton (D)
  A bat (D)
122 creatures vanquished.

Vanquished Creatures (others)
  A guardian serpent (D)
  A troll (D)
2 creatures vanquished.

Grand Total: 124 creatures vanquished

Notes
Turn   | Place    | Note
-------+----------+-------------------------------------------
     0 | D        | mhtbhm the Minotaur Fighter began the quest for the Orb.
     0 | D        | Reached XP level 1. HP: 19/19 MP: 0/0
    18 | D        | Reached skill level 3 in Axes
    18 | D        | Reached XP level 2. HP: 15/28 MP: 1/1
   205 | D        | Found a bloodstained altar of Trog.
   205 | D        | Found a shimmering blue altar of Sif Muna.
   205 | D        | Found a viscous altar of Jiyva.
   205 | D        | Found a hazy altar of Hepliaklqana.
   205 | D        | Found an opulent altar of Gozag.
   206 | D        | Found a glowing golden altar of the Shining One.
   206 | D        | Found a glowing silver altar of Zin.
   206 | D        | Found a basalt altar of Yredelemnul.
   206 | D        | Found a shimmering altar of Xom.
   206 | D        | Found an ornate altar of the Wu Jian Council.
   206 | D        | Found a sacrificial altar of Ru.
   206 | D        | Found a stormy altar of Qazlal.
   206 | D        | Found an iron altar of Okawaru.
   206 | D        | Found a sparkling altar of Nemelex Xobeh.
   206 | D        | Found a burning altar of Makhleb.
   206 | D        | Found a blossoming altar of Fedhas.
   206 | D        | Found a white marble altar of Elyvilon.
   206 | D        | Found a shadowy altar of Dithmenos.
   206 | D        | Found a snail-covered altar of Cheibriados.
   208 | D        | Found a radiant altar of Vehumet.
   208 | D        | Found a corrupted altar of Lugonu.
   208 | D        | Found a roughly hewn altar of Beogh.
   209 | D        | Found a hide-covered altar of Uskayaw.
   209 | D        | Found an ancient bone altar of Kikubaaqudgha.
   209 | D        | Found a broken altar of Ashenzari.
   214 | D        | Became a worshipper of Warmaster Okawaru
   383 | D        | Reached skill level 5 in Fighting
   383 | D        | Reached skill level 5 in Armour
   383 | D        | Reached skill level 5 in Shields
   406 | D        | Reached XP level 3. HP: 36/36 MP: 2/2
   409 | D        | Reached skill level 4 in Axes
   414 | D        | Reached XP level 4. HP: 32/44 MP: 3/3
   525 | D        | Noticed a black bear
   525 | D        | Noticed a wolf
   526 | D        | Noticed a wolf
   536 | D        | Reached skill level 5 in Axes
   536 | D        | Reached skill level 1 in Dodging
   536 | D        | Killed a wolf
   536 | D        | Reached skill level 7 in Axes
   536 | D        | Reached XP level 5. HP: 25/51 MP: 4/4
   537 | D        | Killed a wolf
   537 | D        | Reached * piety under Okawaru
   537 | D        | Reached skill level 8 in Axes
   538 | D        | Killed a black bear
   538 | D        | Reached skill level 9 in Axes
   538 | D        | Reached XP level 6. HP: 28/61 MP: 5/5
   750 | D        | Noticed a deep elf mage
   761 | D        | Killed a deep elf mage
   761 | D        | Reached ** piety under Okawaru
   761 | D        | Reached skill level 11 in Axes
   761 | D        | Reached XP level 7. HP: 40/70 MP: 6/6
   902 | D        | Noticed an efreet
   915 | D        | Killed an efreet
   915 | D        | Reached *** piety under Okawaru
   915 | D        | Reached skill level 12 in Axes
   915 | D        | Reached skill level 10 in Shields
   915 | D        | Reached XP level 8. HP: 41/78 MP: 7/7
  1101 | D        | Noticed Erolcha
  1117 | D        | Killed Erolcha
  1117 | D        | Reached **** piety under Okawaru
  1117 | D        | Reached skill level 10 in Fighting
  1117 | D        | Reached skill level 13 in Axes
  1117 | D        | Reached XP level 9. HP: 32/86 MP: 8/8
  1148 | D        | Gained mutation: You have very sharp teeth. [potion of
                  | mutation]
  1148 | D        | Gained mutation: You are frail. (-10% HP) [potion of
                  | mutation]
  1148 | D        | Gained mutation: Your muscles are strong. (Str +2) [potion
                  | of mutation]
  1381 | D        | Reached skill level 14 in Axes
  1647 | D        | Noticed an ice devil
  1656 | D        | Killed an ice devil
  1665 | D        | Noticed a tyrant leech
  1665 | D        | Noticed a black mamba
  1671 | D        | Killed a black mamba
  1671 | D        | Received a gift from Okawaru
  1671 | D        | Reached skill level 15 in Axes
  1671 | D        | Reached skill level 1 in Stealth
  1675 | D        | Reached ***** piety under Okawaru
  1679 | D        | Killed a tyrant leech
  1903 | D        | Noticed a black mamba
  1910 | D        | Killed a black mamba
  1910 | D        | Reached XP level 10. HP: 87/87 MP: 9/9
  1916 | D        | Reached skill level 16 in Axes
  1938 | D        | Received a gift from Okawaru
  1938 | D        | Reached skill level 1 in Invocations
  2188 | D        | Paralysed by a hornet for 3 turns
  2196 | D        | Reached skill level 5 in Dodging
  2475 | D        | Noticed a sea snake
  2475 | D        | Noticed an alligator snapping turtle
  2475 | D        | Noticed a spriggan druid
  2484 | D        | Killed a sea snake
  2484 | D        | Reached skill level 1 in Throwing
  2491 | D        | Killed an alligator snapping turtle
  2491 | D        | Reached skill level 17 in Axes
  2493 | D        | Killed a spriggan druid
  2493 | D        | Received a gift from Okawaru
  2493 | D        | Reached skill level 15 in Armour
  2708 | D        | Noticed a smoke demon
  2712 | D        | Killed a smoke demon
  2712 | D        | Reached XP level 11. HP: 99/99 MP: 10/10
  2713 | D        | Noticed a phantasmal warrior
  2717 | D        | Killed a phantasmal warrior
  2721 | D        | Noticed a sea snake
  2730 | D        | Killed a sea snake
  2735 | D        | Noticed Maurice
  2737 | D        | Noticed a nagaraja
  2742 | D        | Killed Maurice
  2742 | D        | Reached skill level 18 in Axes
  2755 | D        | Killed a nagaraja
  2755 | D        | Received a gift from Okawaru
  2755 | D        | Reached skill level 15 in Fighting
  2755 | D        | Reached skill level 15 in Shields
  2940 | D        | Noticed a deep elf mage
  2953 | D        | Killed a deep elf mage
  3040 | D        | Noticed a deep elf mage
  3046 | D        | Killed a deep elf mage
  3047 | D        | Noticed a death cob
  3064 | D        | Killed a death cob
  3064 | D        | Reached skill level 19 in Axes
  3374 | D        | Noticed a phantasmal warrior
  3382 | D        | Killed a phantasmal warrior
  3382 | D        | Received a gift from Okawaru
  3382 | D        | Reached XP level 12. HP: 110/110 MP: 8/11
  3398 | D        | Reached ****** piety under Okawaru
  3421 | D        | Got a pair of jewelled gloves {god gift}
  3435 | D        | Identified the +0 pair of gloves of Remuri {rN++ MR- Regen+
                  | Int+3} (Okawaru gifted it to you in the Dungeon)
  3915 | D        | Noticed Sosexa the pandemonium lord
  3936 | D        | Killed Sosexa the pandemonium lord
  3936 | D        | Reached skill level 20 in Axes
  4125 | D        | Noticed a merfolk avatar
  4125 | D        | Noticed an ettin
  4136 | D        | Killed a merfolk avatar
  4158 | D        | Killed an ettin
  4212 | D        | Noticed a green death
  4212 | D        | Noticed Rupert
  4213 | D        | Noticed a merfolk avatar
  4222 | D        | Noticed a catoblepas
  4223 | D        | Noticed a merfolk impaler
  4223 | D        | Noticed an eidolon
  4225 | D        | Reached XP level 13. HP: 82/122 MP: 14/14
  4226 | D        | Killed a green death
  4226 | D        | Received a gift from Okawaru
  4226 | D        | Reached skill level 1 in Evocations
  4234 | D        | Killed a merfolk impaler
  4234 | D        | Reached skill level 21 in Axes
  4237 | D        | Reached skill level 5 in Stealth
  4244 | D        | Killed Rupert
  4244 | D        | Received a gift from Okawaru
  4252 | D        | Killed an eidolon
  4257 | D        | Noticed a balrug
  4268 | D        | Killed from afar by a balrug

Illustrated notes

Levels and vault maps discovered:
D:        pitsprint [storerooms_1, entrance_room_1, metal_vault_5, armoury_1,
          mini_pit_1, grid_room_1, main_hall_1, silver_pit, the_coven_3,
          the_vestibule_1, steel_vault_1, golden_pit, hallway_of_sentries,
          crystal_vault_2, iron_vault_2, final_vault]

Skill      XL: |  1  2  3  4  5  6  7  8  9 10 11 12 13 |
---------------+----------------------------------------+-----
Fighting       | 4 5 6 7 9 10 12 14 16 18 19 | 19.2
Axes           | 3 4 7 9 11 12 13 15 17 19 20 21 | 21.3
Armour         | 4 5 6 8 9 11 12 14 15 16 17 | 17.9
Shields        | 4 5 7 8 9 10 11 12 13 16 18 19 | 19.3
Dodging        | 1 2 3 4 5 7 9 |  9.6
Stealth        | 1 2 3 7 |  7.4
Invocations    | 1 2 3 |  3.0
Throwing       | 1 2 |  2.2
Evocations     | 2 |  2.4

Action                   |  1- 3 |  4- 6 |  7- 9 | 10-12 | 13-15 || total
-------------------------+-------+-------+-------+-------+-------++-------
Melee: War axe           |    29 |    21 |    40 |   158 |       ||   248
       Headbutt          |     6 |     6 |    18 |    42 |     7 ||    79
       Broad axe         |       |       |    37 |    44 |    28 ||   109
       Bite              |       |       |     3 |    16 |     4 ||    23
Throw: Dart              |       |       |     1 |     1 |       ||     2
Invok: Heroism           |       |       |     1 |     3 |       ||     4
Evoke: Lightning rod     |       |       |       |     4 |     4 ||     8
  Use: Potion            |       |     2 |     1 |     9 |     2 ||    14
       Scroll            |       |       |       |     1 |     1 ||     2
 Stab: Invisible         |       |       |       |     7 |     7 ||    14
Armor: Scale mail        |    28 |       |       |       |       ||    28
       Chain mail        |       |    19 |    12 |    61 |     2 ||    94
Dodge: Dodged            |    15 |    10 |    19 |    98 |    15 ||   157
Block: Kite shield       |    27 |    19 |    47 |   133 |    33 ||   259

Table legend: (Time is in decaauts)
 A = Elapsed time spent in this place.
 B = Non-inter-level travel time spent in this place.
 C = Inter-level travel time spent in this place.
 D = Time resting spent in this place.
 E = Time spent auto-exploring this place.
 F = Levels seen in this place.
 G = Mean time per level.
                   A        B        C        D        E       F      G
               +--------+--------+--------+--------+--------+-----+--------+
         Total |   4241 |   4241 |      0 |   2850 |    137 |   1 | 4241.0 |
       Dungeon |   4241 |   4241 |      0 |   2850 |    137 |   1 | 4241.0 |
               +--------+--------+--------+--------+--------+-----+--------+

Top non-repeatable levels by time:
       D: 4241 daAuts
